[Event "ICC tourney 2350 (60 10)"]
[Site "Internet Chess Club"]
[Date "2021.01.30"]
[Round "1"]
[White "chessisthebest1"]
[Black "dlevkov"]
[Result "1-0"]
[ICCResult "Black disconnected and forfeits"]
[WhiteElo "1812"]
[BlackElo "2159"]
[Opening "Sicilian: dragon, Yugoslav attack, 10.O-O-O"]
[ECO "B78"]
[NIC "SI.18"]
[Time "10:07:10"]
[PlyCount "33"]
[TimeControl "3600+10"]

1. e4 c5 2. Nf3 d6 3. d4 cxd4 4. Nxd4 Nf6 5. Nc3 g6 6. Be3 Bg7 7. f3 O-O 8.
Bc4 Nc6 9. Qd2 Bd7 10. O-O-O Rb8 11. h4 b5 12. Bb3 b4 13. Nd5 Na5 14. Nxf6+
Bxf6 15. Kb1 Nxb3 16. cxb3 Qa5 17. a4 { Black disconnected and forfeits }
1-0

[Event "ICC tourney 2350 (60 10)"]
[Site "Internet Chess Club"]
[Date "2021.01.30"]
[Round "1"]
[White "BinghuiDu"]
[Black "rrr73"]
[Result "1-0"]
[ICCResult "Black resigns"]
[WhiteElo "1925"]
[BlackElo "1488"]
[Opening "Sicilian: accelerated fianchetto, Maróczy bind, 6.Be3"]
[ECO "B38"]
[NIC "SI.31"]
[Time "10:07:36"]
[PlyCount "67"]
[TimeControl "3600+10"]

1. e4 c5 2. Nf3 Nc6 3. c4 g6 4. d4 cxd4 5. Nxd4 Bg7 6. Be3 d6 7. Nc3 Nf6 8.
Be2 O-O 9. O-O a6 10. Rc1 Bd7 11. Qd2 Rc8 12. h3 Nxd4 13. Bxd4 Bc6 14. Qe3
Qd7 15. Rfd1 b5 16. c5 Qe6 17. Bxf6 Bxf6 18. Bg4 Qc4 19. Bxc8 Rxc8 20. cxd6
exd6 21. Nd5 Qxa2 22. Nxf6+ Kg7 23. Qd4 Qe6 24. Ng4+ Kg8 25. Nh6+ Kf8 26.
Qxd6+ Qxd6 27. Rxd6 Bb7 28. Rxc8+ Bxc8 29. Rc6 Bd7 30. Rxa6 Ke7 31. Ra7 Ke6
32. Nxf7 Be8 33. Ng5+ Ke5 34. Re7+ { Black resigns } 1-0

[Event "ICC tourney 2350 (60 10)"]
[Site "Internet Chess Club"]
[Date "2021.01.30"]
[Round "1"]
[White "JDPower"]
[Black "Blue-Elephant1"]
[Result "1-0"]
[ICCResult "Black resigns"]
[WhiteElo "1754"]
[BlackElo "2120"]
[Opening "Sicilian: Kan, 5.Nc3"]
[ECO "B43"]
[NIC "SI.41"]
[Time "10:08:03"]
[PlyCount "57"]
[TimeControl "3600+10"]

1. e4 c5 2. Nf3 e6 3. d4 cxd4 4. Nxd4 a6 5. Nc3 Qc7 6. Bd3 Nf6 7. O-O d6 8.
Be3 Be7 9. f4 Nbd7 10. h3 b5 11. a3 Bb7 12. Nf3 O-O 13. Qe1 d5 14. e5 Ne4
15. Bd4 Rac8 16. Kh2 Rfd8 17. Nxe4 dxe4 18. Bxe4 Bxe4 19. Qxe4 Qxc2 20.
Qxc2 Rxc2 21. Bc3 Bc5 22. Rad1 Kf8 23. Ba5 Ke8 24. Bxd8 Kxd8 25. Rd2 Rxd2
26. Nxd2 Bd4 27. b4 Nb6 28. Rf3 Nc4 29. Rd3 { Black resigns } 1-0

[Event "ICC tourney 2350 (60 10)"]
[Site "Internet Chess Club"]
[Date "2021.01.30"]
[Round "1"]
[White "MCTS13"]
[Black "Yolobear"]
[Result "1-0"]
[ICCResult "Black resigns"]
[WhiteElo "2195"]
[BlackElo "1827"]
[Opening "Vienna game"]
[ECO "C28"]
[NIC "IG.04"]
[Time "10:07:26"]
[PlyCount "61"]
[TimeControl "3600+10"]

1. e4 e5 2. Bc4 Nc6 3. Nc3 Nf6 4. d3 h6 5. f4 d6 6. Nf3 Bg4 7. h3 Bxf3 8.
Qxf3 Nd4 9. Qf2 Be7 10. O-O Ne6 11. f5 Nd4 12. Be3 Nc6 13. Qg3 Rg8 14. Nd5
Nxd5 15. Bxd5 Bg5 16. c3 Bxe3+ 17. Qxe3 Qf6 18. b4 a6 19. a4 Kd7 20. b5 Na5
21. Rfb1 Rgb8 22. Ra2 c6 23. Qb6 cxd5 24. Qxa5 dxe4 25. dxe4 b6 26. Qb4 a5
27. Qb3 Rc8 28. Rd2 Rc7 29. Rbd1 Rac8 30. Rxd6+ Qxd6 31. Qxf7+ { Black
resigns } 1-0

[Event "ICC tourney 2350 (60 10)"]
[Site "Internet Chess Club"]
[Date "2021.01.30"]
[Round "1"]
[White "tcao"]
[Black "CaptainD17"]
[Result "1-0"]
[ICCResult "Black resigns"]
[WhiteElo "2056"]
[BlackElo "1706"]
[Opening "Sicilian: Najdorf, Opocensky variation"]
[ECO "B92"]
[NIC "SI.10"]
[Time "10:07:21"]
[PlyCount "71"]
[TimeControl "3600+10"]

1. e4 c5 2. Nf3 d6 3. d4 cxd4 4. Nxd4 Nf6 5. Nc3 a6 6. Be2 e5 7. Nb3 Be6 8.
f4 Nc6 9. O-O Be7 10. f5 Bxb3 11. axb3 b5 12. Be3 Nb4 13. Bf3 Rc8 14. g4
Nd7 15. Rf2 Nc5 16. Nd5 Nxd5 17. Qxd5 h6 18. Bxc5 Rxc5 19. Qb7 a5 20. b4
Qc8 21. Qxc8+ Rxc8 22. bxa5 Bd8 23. Rd2 Kd7 24. Be2 b4 25. Kg2 Rc5 26. a6
Bg5 27. Rd5 Rxc2 28. Kf3 Rxb2 29. Rb5 Kc6 30. Bc4 Rc2 31. a7 Ra8 32. Bd5+
Kxb5 33. Bxa8 Rc3+ 34. Kg2 Rc2+ 35. Kf1 Kb6 36. Bd5 { Black resigns } 1-0

[Event "ICC tourney 2350 (60 10)"]
[Site "Internet Chess Club"]
[Date "2021.01.30"]
[Round "1"]
[White "LeonardoLiu2005"]
[Black "geowhiz27"]
[Result "1-0"]
[ICCResult "Black checkmated"]
[WhiteElo "2007"]
[BlackElo "1667"]
[Opening "French: Tarrasch, Guimard variation"]
[ECO "C04"]
[NIC "FR.15"]
[Time "10:07:19"]
[PlyCount "83"]
[TimeControl "3600+10"]

1. e4 e6 2. d4 d5 3. Nd2 Nc6 4. c3 e5 5. Bb5 exd4 6. cxd4 dxe4 7. Nxe4 Bb4+
8. Nc3 Qd5 9. Bxc6+ Qxc6 10. Qf3 Qxf3 11. Nxf3 c6 12. O-O Ne7 13. a3 Bd6
14. Re1 O-O 15. Ne4 Bc7 16. Nf6+ gxf6 17. Rxe7 Bd6 18. Re1 Bf5 19. Be3 Rad8
20. Rac1 Rfe8 21. Nd2 Be4 22. Nxe4 Rxe4 23. f3 Re6 24. Bf2 Bc7 25. Re4 f5
26. Re3 Bb6 27. Rd3 Re2 28. b4 Ra2 29. Rcd1 a5 30. bxa5 Bxa5 31. Be1 Bb6
32. Bh4 Rd5 33. Bf6 c5 34. dxc5 Bxc5+ 35. Kf1 Rxd3 36. Rxd3 h5 37. Rd5 Bxa3
38. Rxf5 Rc2 39. Rxh5 Rc1+ 40. Ke2 Rc2+ 41. Kd3 Rxg2 42. Rh8# { Black
checkmated } 1-0

[Event "ICC tourney 2350 (60 10)"]
[Site "Internet Chess Club"]
[Date "2021.01.30"]
[Round "1"]
[White "xcelswimmer"]
[Black "Chesscrusher28"]
[Result "1-0"]
[ICCResult "Black forfeits on time"]
[WhiteElo "1937"]
[BlackElo "1484"]
[Opening "Nimzo-Indian: Kmoch variation"]
[ECO "E20"]
[NIC "NI.30"]
[Time "10:07:22"]
[PlyCount "65"]
[TimeControl "3600+10"]

1. d4 Nf6 2. c4 e6 3. Nc3 Bb4 4. f3 Bxc3+ 5. bxc3 d5 6. e3 b6 7. Bd3 Ba6 8.
cxd5 Bxd3 9. Qxd3 exd5 10. Ne2 O-O 11. c4 Re8 12. cxd5 Nxd5 13. e4 Nb4 14.
Qb3 c5 15. O-O N8c6 16. d5 Ne5 17. Rd1 a5 18. a3 c4 19. Qc3 Nbd3 20. f4 Qh4
21. Rf1 Ng4 22. h3 Ngf2 23. e5 Nxh3+ 24. gxh3 Qxh3 25. Ra2 Qg4+ 26. Kh2
Qh5+ 27. Kg2 Qg4+ 28. Ng3 h5 29. Kh2 Qh4+ 30. Kg1 Qxg3+ 31. Rg2 Qh4 32. e6
Qf6 33. Qxf6 { Black forfeits on time } 1-0

[Event "ICC tourney 2350 (60 10)"]
[Site "Internet Chess Club"]
[Date "2021.01.30"]
[Round "1"]
[White "DanielFridlyand"]
[Black "saisneha"]
[Result "1-0"]
[ICCResult "Black resigns"]
[WhiteElo "1567"]
[BlackElo "1927"]
[Opening "QGD: 4.Nf3"]
[ECO "D37"]
[NIC "QP.06"]
[Time "10:07:48"]
[PlyCount "79"]
[TimeControl "3600+10"]

1. d4 Nf6 2. Nf3 d5 3. c4 e6 4. Nc3 b5 5. cxd5 b4 6. dxe6 bxc3 7. exf7+
Kxf7 8. Ne5+ Kg8 9. e4 Be6 10. bxc3 Bd6 11. f4 Bxe5 12. fxe5 Nxe4 13. Qf3
Bd5 14. c4 Bb7 15. d5 Nc5 16. Ba3 Qh4+ 17. Kd2 Qd4+ 18. Kc2 Qxa1 19. Bxc5
Na6 20. e6 Qf6 21. Qe3 Nxc5 22. Qxc5 Qd8 23. Bd3 Qd6 24. Qb5 Ba6 25. Qa4
Rf8 26. e7 Rf2+ 27. Kd1 Qxe7 28. Qxa6 g6 29. Re1 Qd7 30. Re6 Kg7 31. Qxa7
Rxg2 32. Qd4+ Kg8 33. Qe3 Qa4+ 34. Ke1 Rxh2 35. Re8+ Kg7 36. Qe5+ Kh6 37.
Qxh2+ Kg5 38. Rxh8 Qb4+ 39. Qd2+ Qxd2+ 40. Kxd2 { Black resigns } 1-0

[Event "ICC tourney 2350 (60 10)"]
[Site "Internet Chess Club"]
[Date "2021.01.30"]
[Round "1"]
[White "leavenotrace"]
[Black "Curvedrain"]
[Result "0-1"]
[ICCResult "White checkmated"]
[WhiteElo "1614"]
[BlackElo "1923"]
[Opening "French: Rubinstein variation"]
[ECO "C10"]
[NIC "FR.07"]
[Time "10:07:09"]
[PlyCount "120"]
[TimeControl "3600+10"]

1. e4 e6 2. d4 d5 3. Nc3 dxe4 4. Nxe4 Be7 5. Nf3 Nf6 6. Bd3 Nbd7 7. O-O O-O
8. Re1 b6 9. c3 Bb7 10. Bf4 c5 11. dxc5 Nxc5 12. Nxf6+ Bxf6 13. Bc2 Qe8 14.
Ne5 Bxe5 15. Qh5 g6 16. Qxe5 Qc6 17. f3 f6 18. Qe3 e5 19. Bh6 Rfd8 20. Rad1
Ne6 21. Bb3 Kh8 22. Qf2 a5 23. Be3 b5 24. Qh4 Ng7 25. Bc2 Nf5 26. Qf2 Nxe3
27. Qxe3 b4 28. Be4 Qc7 29. Bxb7 Qxb7 30. c4 Qc7 31. b3 Rd6 32. Qe4 Rad8
33. Rxd6 Qc5+ 34. Qe3 Qxe3+ 35. Rxe3 Rxd6 36. Kf2 Kg7 37. Ke2 Kf7 38. Rd3
Rxd3 39. Kxd3 Ke6 40. c5 Kd5 41. c6 Kxc6 42. Kc4 f5 43. h3 f4 44. Kd3 Kd5
45. Kd2 Kd4 46. Kc2 Ke3 47. Kb2 Kf2 48. a3 Kxg2 49. axb4 axb4 50. Kc2 Kxf3
51. Kd3 e4+ 52. Kc4 e3 53. Kxb4 e2 54. Kc5 e1=Q 55. b4 Qe7+ 56. Kc4 Ke4 57.
b5 f3 58. b6 f2 59. Kb5 f1=Q+ 60. Kc6 Qc4# { White checkmated } 0-1

[Event "ICC tourney 2350 (60 10)"]
[Site "Internet Chess Club"]
[Date "2021.01.30"]
[Round "1"]
[White "westo123"]
[Black "mistermath314"]
[Result "1-0"]
[ICCResult "Black checkmated"]
[WhiteElo "1615"]
[BlackElo "1972"]
[Opening "Giuoco Pianissimo"]
[ECO "C55"]
[NIC "IG.01"]
[Time "10:07:27"]
[PlyCount "133"]
[TimeControl "3600+10"]

1. e4 e5 2. Nf3 Nc6 3. Bc4 Nf6 4. d3 Bc5 5. c3 d6 6. O-O Bg4 7. Nbd2 O-O 8.
b4 Bb6 9. a4 a5 10. b5 Ne7 11. Re1 Ng6 12. h3 Be6 13. Bxe6 fxe6 14. Nc4 Ba7
15. d4 Nxe4 16. Rxe4 d5 17. Rxe5 dxc4 18. Rxe6 Qd5 19. Ng5 Rf5 20. Qg4 Raf8
21. Ra2 h5 22. Qe4 Rxg5 23. Bxg5 Qxg5 24. Qxg6 Qc1+ 25. Kh2 Qxc3 26. Re8
Qb4 27. Rae2 Qd6+ 28. Qxd6 cxd6 29. Rxf8+ Kxf8 30. d5 c3 31. Rc2 Bd4 32.
Kg3 Kf7 33. Kf3 g5 34. Ke4 Bf6 35. Kd3 b6 36. Re2 Be5 37. Re3 Kg6 38. Rf3
Bf6 39. g4 hxg4 40. hxg4 Bg7 41. Rf5 Bf6 42. f4 gxf4 43. Rxf4 Kg5 44. Rc4
Be5 45. Rc6 Kxg4 46. Rxb6 Kf5 47. Rc6 Bf6 48. b6 Be5 49. b7 Kf4 50. Rxc3
Bxc3 51. Kxc3 Ke5 52. b8=Q Kxd5 53. Qb5+ Ke4 54. Kd2 d5 55. Qxa5 d4 56. Qb6
Ke5 57. a5 Kd5 58. a6 Kc4 59. a7 Kd5 60. a8=Q+ Ke5 61. Qe8+ Kd5 62. Qbd8+
Kc5 63. Qc8+ Kd5 64. Qcd7+ Kc5 65. Qec8+ Kb6 66. Qdb7+ Ka5 67. Qca8# {
Black checkmated } 1-0

[Event "ICC tourney 2350 (60 10)"]
[Site "Internet Chess Club"]
[Date "2021.01.30"]
[Round "1"]
[White "harrislencz"]
[Black "justinchess"]
[Result "0-1"]
[ICCResult "White checkmated"]
[WhiteElo "1899"]
[BlackElo "2361"]
[Opening "Caro-Kann: advance variation"]
[ECO "B12"]
[NIC "CK.04"]
[Time "10:07:40"]
[PlyCount "102"]
[TimeControl "3600+10"]

1. e4 c6 2. d4 d5 3. e5 Bf5 4. h4 h5 5. Bg5 Qb6 6. Bd3 Bxd3 7. Qxd3 e6 8.
b3 c5 9. c3 Nh6 10. Ne2 Nc6 11. Nd2 cxd4 12. cxd4 Nf5 13. Nf3 Ba3 14. O-O
Rc8 15. Bc1 Be7 16. Bg5 Bxg5 17. hxg5 g6 18. Rac1 Kd7 19. a3 Rc7 20. Rc3
Rhc8 21. Rfc1 Na5 22. Nd2 Rxc3 23. Rxc3 Rxc3 24. Qxc3 Nc6 25. Nf3 Qa6 26.
Qb2 Qd3 27. b4 h4 28. Kh2 b6 29. Kh3 Qd1 30. Kh2 Qd3 31. Kh3 a6 32. Kh2 Ng7
33. Nxh4 Ne8 34. Nf3 Nc7 35. a4 Qc4 36. b5 axb5 37. axb5 Nxb5 38. Kg1 Nc7
39. Kf1 b5 40. Nd2 Qd3 41. Ke1 b4 42. Nb3 Qc4 43. Nc5+ Ke7 44. Qd2 Kf8 45.
Qf4 b3 46. Qd2 Nb5 47. Qb2 Ncxd4 48. Nxd4 Nxd4 49. Nd7+ Kg7 50. Nf6 Qd3 51.
g3 Nf3# { White checkmated } 0-1

[Event "ICC tourney 2350 (60 10)"]
[Site "Internet Chess Club"]
[Date "2021.01.30"]
[Round "1"]
[White "coolsportsguy"]
[Black "HarleyQueen8"]
[Result "1-0"]
[ICCResult "Black checkmated"]
[WhiteElo "2330"]
[BlackElo "1858"]
[Opening "QGA: classical, 6...a6"]
[ECO "D29"]
[NIC "QG.07"]
[Time "10:07:29"]
[PlyCount "153"]
[TimeControl "3600+10"]

1. d4 d5 2. c4 dxc4 3. Nf3 Nf6 4. e3 e6 5. Bxc4 c5 6. O-O a6 7. Bb3 b5 8.
Qe2 cxd4 9. exd4 Bb7 10. Nc3 Be7 11. Bg5 O-O 12. Rad1 Qd6 13. Bxf6 Bxf6 14.
d5 exd5 15. Nxd5 Qd8 16. Qe3 Nc6 17. Nb6 Bd4 18. Rxd4 Nxd4 19. Qxd4 Bxf3
20. Qxd8 Raxd8 21. gxf3 Rd2 22. Re1 Rd6 23. Nd5 Rfd8 24. Nc3 Kf8 25. Re5
Rf6 26. Kg2 Rg6+ 27. Kf1 Rf6 28. Bd5 Rh6 29. Rf5 Rf6 30. Rxf6 gxf6 31. b4
Ke7 32. Ke2 Rc8 33. Kd3 Rg8 34. Bb7 Rd8+ 35. Ke3 Rd6 36. Ne4 Rb6 37. Nc5
Kd6 38. Bxa6 Kc7 39. Ke4 Rd6 40. Bxb5 Rd2 41. a4 Rxf2 42. h3 Rh2 43. Bd7
Rb2 44. Kf5 Kd6 45. Bb5 Rxb4 46. Ne4+ Ke7 47. Nxf6 Rh4 48. Nd5+ Kd6 49. Nf4
f6 50. Be8 Kc5 51. a5 Kd6 52. a6 Kc7 53. Bf7 Kb6 54. Bc4 Ka7 55. Bf1 Rh6
56. Kg4 Kb8 57. h4 f5+ 58. Kg5 Rb6 59. Kxf5 Rb1 60. Bd3 Rb4 61. h5 Ka7 62.
h6 Rb6 63. Kg5 Rb4 64. Ne6 Rb6 65. Nf8 Rb3 66. Be4 Rb5+ 67. Kf6 Rb6+ 68.
Kg7 Kxa6 69. Nxh7 Re6 70. Nf6 Re7+ 71. Kg6 Kb6 72. Nd5+ Kc5 73. Nxe7 Kd6
74. Nf5+ Ke6 75. h7 Kd7 76. h8=Q Ke6 77. Qe8# { Black checkmated } 1-0

[Event "ICC tourney 2350 (60 10)"]
[Site "Internet Chess Club"]
[Date "2021.01.30"]
[Round "1"]
[White "cdong13"]
[Black "AveryLucasNY"]
[Result "1-0"]
[ICCResult "Black resigns"]
[WhiteElo "1676"]
[BlackElo "2014"]
[Opening "Caro-Kann: exchange, Rubinstein variation"]
[ECO "B13"]
[NIC "CK.02"]
[Time "10:07:12"]
[PlyCount "93"]
[TimeControl "3600+10"]

1. e4 c6 2. d4 d5 3. exd5 cxd5 4. Bd3 Nc6 5. c3 Nf6 6. Bf4 Bg4 7. Qb3 Qd7
8. Nd2 e6 9. Ngf3 Bxf3 10. Nxf3 Bd6 11. Bxd6 Qxd6 12. Qxb7 Rb8 13. Qa6 O-O
14. O-O Rb6 15. Qa4 Rxb2 16. Rab1 Rfb8 17. Rxb2 Rxb2 18. Bb5 Ne7 19. Ne5
Ng6 20. f4 Qb8 21. Bd3 Nh4 22. Bc2 h6 23. g4 Ne4 24. f5 Nxc3 25. Qd7 Rxc2
26. Qxf7+ Kh7 27. f6 Ne2+ 28. Kh1 Qc7 29. Qxc7 Rxc7 30. f7 Rxf7 31. Rxf7
Nxd4 32. Rxa7 Ng6 33. Nd3 e5 34. Rd7 e4 35. Rxd5 Nf3 36. Nc1 Nf4 37. Rf5 g5
38. a4 e3 39. a5 Nd4 40. Re5 e2 41. Nxe2 Nfxe2 42. Re4 Nc6 43. a6 Nf4 44.
Rc4 Na7 45. Rc7+ Kg6 46. Rxa7 Kf6 47. Rb7 { Black resigns } 1-0

[Event "ICC tourney 2350 (60 10)"]
[Site "Internet Chess Club"]
[Date "2021.01.30"]
[Round "1"]
[White "HPenguin"]
[Black "jx4"]
[Result "1-0"]
[ICCResult "Black resigns"]
[WhiteElo "1819"]
[BlackElo "2213"]
[Opening "Sicilian: Kan, Maróczy bind (Réti variation)"]
[ECO "B41"]
[NIC "SI.41"]
[Time "10:07:12"]
[PlyCount "75"]
[TimeControl "3600+10"]

1. e4 c5 2. Nf3 e6 3. d4 cxd4 4. Nxd4 a6 5. c4 Nf6 6. f3 Qc7 7. Nc3 b6 8.
Be3 Bb7 9. Rc1 Be7 10. Be2 d6 11. O-O Nbd7 12. b4 Rc8 13. g4 h6 14. a4 Qb8
15. Nb3 Bd8 16. Bf4 Bc7 17. Qd2 g5 18. Bg3 Ke7 19. Rfd1 h5 20. a5 hxg4 21.
axb6 Nxb6 22. fxg4 d5 23. Qe3 Bxg3 24. hxg3 Nxc4 25. Bxc4 Rxc4 26. exd5
Rxg4 27. d6+ Kf8 28. Ne2 Rh1+ 29. Kf2 Rh2+ 30. Kf1 Nd5 31. Qc5 Qd8 32. d7+
Kg8 33. Qc8 Rh1+ 34. Kf2 Rh2+ 35. Ke1 Rh1+ 36. Kd2 Rxd1+ 37. Kxd1 Ne3+ 38.
Ke1 { Black resigns } 1-0

[Event "ICC tourney 2350 (60 10)"]
[Site "Internet Chess Club"]
[Date "2021.01.30"]
[Round "1"]
[White "marcusmellody"]
[Black "weijie123"]
[Result "0-1"]
[ICCResult "White checkmated"]
[WhiteElo "1713"]
[BlackElo "2091"]
[Opening "King's Indian: orthodox, Aronin-Taimanov variation (Yugoslav attack / Mar del Plata variation)"]
[ECO "E97"]
[NIC "KI.08"]
[Time "10:07:12"]
[PlyCount "102"]
[TimeControl "3600+10"]

1. d4 Nf6 2. c4 g6 3. Nc3 Bg7 4. e4 d6 5. Be2 O-O 6. Nf3 e5 7. O-O Nc6 8.
Be3 Ng4 9. Bg5 f6 10. Bc1 exd4 11. Nxd4 Nxd4 12. Qxd4 f5 13. Qd1 Be6 14.
Re1 Qh4 15. Bxg4 fxg4 16. Qe2 Bxc3 17. bxc3 Rae8 18. Be3 Bd7 19. Qd2 Bc6
20. c5 Qf6 21. cxd6 cxd6 22. Rad1 Rxe4 23. Qxd6 Qxc3 24. Rc1 Qa5 25. Bd2
Qd5 26. Qxd5+ Bxd5 27. Rxe4 Bxe4 28. h3 gxh3 29. gxh3 Bc6 30. Re1 Rd8 31.
Bb4 Rd3 32. Re3 Rd1+ 33. Kh2 h5 34. h4 Rd4 35. Be7 Kf7 36. Bg5 Rg4 37. Re7+
Kf8 38. Rc7 Rg2+ 39. Kh3 Rxf2 40. Rc8+ Kf7 41. Rc7+ Ke6 42. Rg7 Rf3+ 43.
Kh2 Kf5 44. Rf7+ Kg4 45. Rg7 Rf2+ 46. Kg1 Rxa2 47. Rxg6 Kf3 48. Rf6+ Kg3
49. Rf1 Rg2+ 50. Kh1 Rh2+ 51. Kg1 Rh1# { White checkmated } 0-1

[Event "ICC tourney 2350 (60 10)"]
[Site "Internet Chess Club"]
[Date "2021.01.30"]
[Round "1"]
[White "Gadus-morhua"]
[Black "elMo17"]
[Result "1-0"]
[ICCResult "Black resigns"]
[WhiteElo "2136"]
[BlackElo "1786"]
[Opening "QGA: classical, 6...a6"]
[ECO "D27"]
[NIC "QG.07"]
[Time "10:07:12"]
[PlyCount "111"]
[TimeControl "3600+10"]

1. d4 d5 2. c4 dxc4 3. Nf3 c5 4. e3 e6 5. Bxc4 Nf6 6. O-O a6 7. a3 b5 8.
Be2 Bb7 9. dxc5 Bxc5 10. Qxd8+ Kxd8 11. b4 Bb6 12. Bb2 Ke7 13. Nbd2 Nbd7
14. Nb3 Rac8 15. Rac1 Rhg8 16. Bd4 Bxd4 17. Nfxd4 Bd5 18. Na5 Ne5 19. Ndb3
Ne4 20. Rfe1 Nc3 21. Bf1 Na4 22. e4 Rxc1 23. Nxc1 Bc4 24. f4 Bxf1 25. Kxf1
Nc4 26. Nxc4 bxc4 27. Ne2 Rd8 28. Rc1 Nb6 29. Ke1 Rd3 30. Rc3 Rd8 31. g3 f6
32. Kf2 e5 33. Ke3 Ke6 34. Ng1 g5 35. f5+ Ke7 36. Nf3 h6 37. Nd2 Rc8 38. a4
Nxa4 39. Rxc4 Rxc4 40. Nxc4 Nc3 41. Nb6 Nd1+ 42. Ke2 Nc3+ 43. Kd3 Nd1 44.
Nd5+ Kf7 45. Ke2 Nb2 46. Nc7 Na4 47. Nxa6 Nc3+ 48. Kd3 Nd1 49. b5 Nf2+ 50.
Ke3 Ng4+ 51. Ke2 Nxh2 52. b6 h5 53. b7 h4 54. gxh4 gxh4 55. b8=Q Ng4 56.
Qh8 { Black resigns } 1-0

[Event "ICC tourney 2350 (60 10)"]
[Site "Internet Chess Club"]
[Date "2021.01.30"]
[Round "2"]
[White "Markss1420"]
[Black "aslanwang"]
[Result "1-0"]
[ICCResult "Black checkmated"]
[WhiteElo "2090"]
[BlackElo "1136"]
[Opening "Vienna gambit"]
[ECO "C29"]
[NIC "VG.04"]
[Time "13:00:46"]
[PlyCount "27"]
[TimeControl "3600+10"]

1. e4 e5 2. Nc3 Nf6 3. f4 d6 4. Nf3 Nbd7 5. Bc4 b6 6. Ng5 d5 7. Nxd5 h6 8.
Nxf7 Kxf7 9. Nxf6+ Kxf6 10. Qh5 Ke7 11. Qf7+ Kd6 12. Qe6+ Kc5 13. Qd5+ Kb4
14. Qb5# { Black checkmated } 1-0

[Event "ICC tourney 2350 (60 10)"]
[Site "Internet Chess Club"]
[Date "2021.01.30"]
[Round "2"]
[White "justinchess"]
[Black "xcelswimmer"]
[Result "1-0"]
[ICCResult "Black resigns"]
[WhiteElo "2361"]
[BlackElo "1937"]
[Opening "English: Caro-Kann defensive system"]
[ECO "A11"]
[NIC "EO.64"]
[Time "13:00:34"]
[PlyCount "57"]
[TimeControl "3600+10"]

1. c4 c6 2. Nf3 d5 3. e3 Nf6 4. Nc3 e6 5. Qc2 Bd6 6. d4 Nbd7 7. b3 b6 8.
Be2 Bb7 9. O-O O-O 10. Bb2 Qe7 11. Rad1 dxc4 12. bxc4 c5 13. d5 exd5 14.
cxd5 a6 15. a4 Rad8 16. Qb3 Rfe8 17. Nd2 Qe5 18. g3 Bxd5 19. Nxd5 Qxd5 20.
Qxd5 Nxd5 21. Nc4 N7f6 22. Bxf6 Nxf6 23. Nxd6 Re6 24. Ne4 Rxd1 25. Nxf6+
Rxf6 26. Rxd1 g6 27. Bxa6 Re6 28. Bb5 Kg7 29. Kg2 { Black resigns } 1-0

[Event "ICC tourney 2350 (60 10)"]
[Site "Internet Chess Club"]
[Date "2021.01.30"]
[Round "2"]
[White "DanielFridlyand"]
[Black "LeonardoLiu2005"]
[Result "0-1"]
[ICCResult "White resigns"]
[WhiteElo "1567"]
[BlackElo "2007"]
[Opening "King's Indian, 3.Nf3"]
[ECO "E61"]
[NIC "KI.76"]
[Time "13:00:34"]
[PlyCount "64"]
[TimeControl "3600+10"]

1. d4 Nf6 2. Nf3 g6 3. c4 Bg7 4. Nc3 d6 5. Bf4 O-O 6. e3 Nbd7 7. Be2 Nh5 8.
Bg5 h6 9. Bh4 g5 10. Bg3 Nxg3 11. hxg3 e5 12. d5 f5 13. e4 Nf6 14. Nd2 a6
15. b4 Qe8 16. Bh5 Qe7 17. Bg6 f4 18. f3 fxg3 19. Nf1 Nd7 20. Nxg3 Nb6 21.
Qd3 g4 22. Bf5 gxf3 23. gxf3 Qg5 24. Ke2 Qxg3 25. Rag1 Qf4 26. Rg4 Rxf5 27.
Rxf4 Rxf4 28. Kf2 Bg4 29. Qd2 Nxc4 30. Qc1 Rxf3+ 31. Ke1 Raf8 32. Rg1 Re3+
{ White resigns } 0-1

[Event "ICC tourney 2350 (60 10)"]
[Site "Internet Chess Club"]
[Date "2021.01.30"]
[Round "2"]
[White "Yolobear"]
[Black "rrr73"]
[Result "1-0"]
[ICCResult "Black checkmated"]
[WhiteElo "1827"]
[BlackElo "1488"]
[Opening "King's Indian: 6.Be2"]
[ECO "E91"]
[NIC "KI.19"]
[Time "13:00:42"]
[PlyCount "59"]
[TimeControl "3600+10"]

1. d4 Nf6 2. Nf3 g6 3. c4 d6 4. Nc3 Bg7 5. e4 O-O 6. Be2 Nbd7 7. Bg5 e5 8.
dxe5 dxe5 9. b4 c6 10. O-O h6 11. Bh4 g5 12. Bg3 Nh5 13. Qd6 Nf4 14. Rfd1
f5 15. Bf1 Rf6 16. Qd2 Qf8 17. c5 Nh5 18. Bc4+ Kh7 19. exf5 Nxg3 20. hxg3
e4 21. Nxe4 Rxf5 22. Nd4 Re5 23. Qd3 Kh8 24. Nd6 Re7 25. Ne6 Qf6 26. Nxg7
Kxg7 27. Nf5+ Kh8 28. Nxe7 Qxe7 29. Qg6 Ne5 30. Qg8# { Black checkmated }
1-0

[Event "ICC tourney 2350 (60 10)"]
[Site "Internet Chess Club"]
[Date "2021.01.30"]
[Round "2"]
[White "Curvedrain"]
[Black "MCTS13"]
[Result "0-1"]
[ICCResult "White checkmated"]
[WhiteElo "1923"]
[BlackElo "2195"]
[Opening "Two knights defense (Modern bishop's opening)"]
[ECO "C55"]
[NIC "IG.01"]
[Time "13:00:31"]
[PlyCount "60"]
[TimeControl "3600+10"]

1. e4 e5 2. Nf3 Nc6 3. Bc4 Nf6 4. d3 Be7 5. O-O O-O 6. a3 d6 7. h3 Kh8 8.
Ng5 Qe8 9. f4 h6 10. Nf3 exf4 11. Bxf4 Nh5 12. Be3 f5 13. Nd4 Nxd4 14. Bxd4
fxe4 15. dxe4 Ng3 16. Rxf8+ Bxf8 17. Qf3 Nxe4 18. Qf4 Nf6 19. Bxf6 gxf6 20.
Qxf6+ Bg7 21. Qh4 Qe3+ 22. Kh2 Be5+ 23. g3 Bd7 24. Bd5 Rg8 25. Kh1 Qe1+ 26.
Kg2 Rxg3+ 27. Qxg3 Qxg3+ 28. Kf1 Bxh3+ 29. Ke2 Bg4+ 30. Kd2 Bf4# { White
checkmated } 0-1

[Event "ICC tourney 2350 (60 10)"]
[Site "Internet Chess Club"]
[Date "2021.01.30"]
[Round "2"]
[White "AveryLucasNY"]
[Black "yankeethanchess"]
[Result "1/2-1/2"]
[ICCResult "Game drawn by mutual agreement"]
[WhiteElo "2014"]
[BlackElo "1723"]
[Opening "Nimzo-Indian: classical, Botvinnik variation"]
[ECO "E36"]
[NIC "NI.23"]
[Time "13:00:31"]
[PlyCount "52"]
[TimeControl "3600+10"]

1. d4 Nf6 2. c4 e6 3. Nc3 Bb4 4. Qc2 d5 5. a3 Bxc3+ 6. Qxc3 Nc6 7. Nf3 Ne4
8. Qc2 O-O 9. e3 f5 10. Bd3 Qf6 11. b4 a6 12. Bb2 Ng5 13. Ne5 Nxe5 14. dxe5
Qf7 15. h4 Ne4 16. Rh3 Qh5 17. cxd5 exd5 18. Bxe4 fxe4 19. Rg3 Rf7 20. e6
Bxe6 21. Qc3 Bg4 22. Qe5 Qxe5 23. Bxe5 h5 24. Rc1 c6 25. a4 Raf8 26. Rc2
Rf5 { Game drawn by mutual agreement } 1/2-1/2

[Event "ICC tourney 2350 (60 10)"]
[Site "Internet Chess Club"]
[Date "2021.01.30"]
[Round "2"]
[White "westo123"]
[Black "tcao"]
[Result "0-1"]
[ICCResult "White forfeits on time"]
[WhiteElo "1615"]
[BlackElo "2056"]
[Opening "French: Tarrasch, open variation, main line"]
[ECO "C09"]
[NIC "FR.22"]
[Time "13:00:37"]
[PlyCount "132"]
[TimeControl "3600+10"]

1. e4 e6 2. d4 d5 3. Nd2 c5 4. exd5 exd5 5. Ngf3 Nc6 6. Bb5 Qe7+ 7. Qe2
Qxe2+ 8. Kxe2 Bd7 9. dxc5 Bxc5 10. Nb3 Bb6 11. Be3 Bxe3 12. fxe3 Nf6 13.
Rad1 a6 14. Bxc6 Bxc6 15. Nbd4 O-O 16. h3 Rfe8 17. Nd2 Rac8 18. Rhe1 Bd7
19. Kf2 h5 20. c3 g5 21. Rf1 h4 22. N4f3 g4 23. Nxh4 gxh3 24. gxh3 Bxh3 25.
Rg1+ Kf8 26. Rg3 Bd7 27. Rdg1 b5 28. Rf3 Ng4+ 29. Ke2 b4 30. Rfg3 bxc3 31.
bxc3 Nf6 32. Rf1 Bb5+ 33. c4 Rxc4 34. Nxc4 Bxc4+ 35. Ke1 Bxf1 36. Kxf1 Ne4
37. Rg2 Nc3 38. Nf5 Re5 39. Nd6 Rxe3 40. Rf2 Re7 41. Rc2 Rc7 42. Rf2 Ne4
43. Nxe4 dxe4 44. Rf6 a5 45. Rf4 Rc1+ 46. Ke2 Rc2+ 47. Ke3 Rxa2 48. Rxe4 f6
49. Kf4 Kf7 50. Re3 a4 51. Ke4 a3 52. Re1 Rb2 53. Ra1 a2 54. Kd3 f5 55. Ke3
Kf6 56. Kf4 Rb4+ 57. Kf3 Ra4 58. Kf2 f4 59. Kf3 Kf5 60. Kf2 Ra3 61. Kg2 f3+
62. Kf2 Kf4 63. Kf1 Ke3 64. Ke1 f2+ 65. Kf1 Ra8 66. Kg2 Ke2 { White
forfeits on time } 0-1